 Dungeon Crawl Stone Soup version 0.30-a0-341-g682706514a (webtiles) character file.

Game seed: 7446563276681723456

2494 Lanoc the Summoner (level 9, -1/44 (45) HPs)
             Began as a Deep Elf Summoner on Nov 3, 2022.
             Was a Believer of Zin.
             Slain by a wight
             ... wielding a +5 trident of freezing
              (2 damage)
             ... on level 7 of the Dungeon.
             The game lasted 00:12:55 (5247 turns).

Lanoc the Summoner (Deep Elf Summoner)              Turns: 5247, Time: 00:12:56

HP:   -1/44 (45)    AC:  5    Str:  7    XL:     9   Next: 28%
MP:   2/15          EV: 12    Int: 31    God:    Zin [**....]
Gold: 256           SH:  5    Dex: 15    Spells: 4/14 levels left

rFire   . . .      SeeInvis +    w - +4 dagger of Doom {freeze, Fragile rN+ Str+2 SInv}
rCold   . . .      Faith    .    (no shield)
rNeg    + . .      Spirit   .    a - +0 robe
rPois   .          Reflect  +    o - +2 helmet
rElec   .          Harm     .    (no cloak)
rCorr   .          Rampage  .    (no gloves)
Will    .....                    (no boots)
Stlth   ++........               t - amulet of reflection
HPRegen 0.27/turn                e - +6 ring of intelligence
MPRegen 0.14/turn                s - ring of wizardry

@: lightly drained
A: no striking features
a: Renounce Religion, Recite, Vitalisation, Donate Gold


You were on level 7 of the Dungeon.
You worshipped Zin.
Zin was pleased with you.
You visited 1 branch of the dungeon, and saw 7 of its levels.

You collected 284 gold pieces.
You donated 28 gold pieces to Zin.

Inventory:

Hand Weapons
 d - a +2 dagger of venom
 w - the +4 dagger of Doom (weapon) {freeze, Fragile rN+ Str+2 SInv}
   (You found it on level 5 of the Dungeon)

   It freezes those it strikes, dealing additional cold damage.
   It can also slow down cold-blooded creatures.
   Str:       It affects your strength (+2).
   rN:        It protects you from negative energy.
   SInv:      It lets you see invisible.
   Fragile:   It will be destroyed if unequipped.
Armour
 a - a +0 robe (worn)
 o - a +2 helmet (worn)
Jewellery
 e - a +6 ring of intelligence (left hand)
 s - a ring of wizardry (right hand)
 t - an amulet of reflection (around neck)
 v - a ring of protection from fire
Wands
 u - a wand of flame (17)
 y - a wand of digging (3)
Scrolls
 c - 8 scrolls of identify {unknown}
 f - 2 scrolls of teleportation {unknown}
 g - a scroll of enchant weapon {unknown}
 j - a scroll of fear {unknown}
 m - 3 scrolls of butterflies {unknown}
 n - a scroll of magic mapping {unknown}
 p - 2 scrolls of immolation {unknown}
 r - 2 scrolls of blinking {unknown}
 z - a scroll of enchant armour {unknown}
 A - a scroll of amnesia {unknown}
Potions
 b - 2 potions of magic
 h - 3 potions of lignification {unknown}
 i - a potion of heal wounds {unknown}
 k - 4 potions of curing {unknown}
 l - 2 potions of attraction {unknown}
 q - a potion of brilliance {unknown}
 x - a potion of flight {unknown}


   Skills:
 - Level 2.4 Dodging
 - Level 2.4 Stealth
 - Level 3.0 Spellcasting
 * Level 14.2 Summonings


You had 4 spell levels left.
You knew the following spells:

 Your Spells              Type           Power      Damage    Failure   Level
a - Summon Small Mammal   Summ           100%       N/A       0%          1
b - Call Imp              Summ           75%        N/A       1%          2
c - Summon Lightning Spi  Summ/Air       48%        N/A       1%          4
d - Call Canine Familiar  Summ           75%        N/A       1%          3

Your spell library contained the following spells:

 Spells                   Type           Power      Damage    Failure   Level
 Summon Guardian Golem    Hex/Summ       48%        N/A       1%          3


Dungeon Overview and Level Annotations

Branches:
Dungeon (7/15)
 Temple: D:4-7

Altars:
Sif Muna
Wu Jian
Zin

Shops:
D:5 *

Annotations:
D:7 1 runed translucent door


Message History

Your warg barely misses the wight.
Your warg completely misses the wight.
The wight barely misses your warg.
Your warg bites the wight.
The wight hits your warg with a +0 dagger.
Your warg barely misses the wight.
The wight hits your warg with a +0 dagger.
Your warg dies!
Your warg's corpse disappears in a puff of smoke!
You are too injured to fight recklessly!
Casting: Call Canine Familiar (safe; 1% risk of failure)
Confirm with . or Enter, or press ? or * to list all spells.
An electric hum fills the air.
Casting: Summon Lightning Spire (dangerous; 1% risk of failure)
Confirm with . or Enter, or press ? or * to list all spells.
The wight hits your warg with a +0 dagger.
Your warg bites the wight!
The wight is destroyed!
Zin accepts your kill.
Your warg bites the wight!
The wight hits your warg with a +0 halberd!
Your warg barely misses the wight.
Your warg closely misses the wight.
The wight barely misses your warg.
Your warg barely misses the wight.
The wight barely misses your warg.
Your warg barely misses the wight.
The wight barely misses your warg.
Your warg bites the wight. x2; The wight barely misses your warg.
Your warg bites the wight!
The wight is destroyed!
Zin accepts your kill.
Your warg barely misses the wight.
The wight closely misses your warg.
Your warg bites the wight.
The wight hits your warg with a +5 trident of freezing!
The wight drains your warg. The wight freezes your warg.
Your warg dies!
Your warg's corpse disappears in a puff of smoke!
The wight hits you from afar with a +5 trident of freezing!
* * * LOW HITPOINT WARNING * * *
You partially resist.
You feel drained.
* * * LOW HITPOINT WARNING * * *
The wight freezes you.
You die...

# . . .
.#################
.....z....)..Kz.@#
#.##############.#
#.#...... #8#
.>......( #.#
#z#.####. #.#
#z#.# #.# #z# #
#$# ).# #.# h.#


You could see a wight (ally target), a kobold and a friendly lightning spire
(summoned).

Vanquished Creatures
  A water moccasin (D:5)
  2 scorpions
  A hound (D:4)
  2 iguanas
  An orc wizard (D:7)
  4 adders
  2 worms
  3 dart slugs
  5 orcs
  3 endoplasms
  4 giant cockroaches
  5 goblins
  6 hobgoblins
  3 jackals (D:5)
  4 quokkas
  5 ball pythons
  8 bats
  5 frilled lizards
  A kobold (D:1)
  4 rats
69 creatures vanquished.

Vanquished Creatures (collateral kills)
  A shadow (D:7)
  Edmund (D:6)
  A water moccasin (D:7)
  A black bear (D:4)
  3 ogres
  A centaur (D:6)
  A phantom (D:4)
  4 scorpions
  9 wights
  A hound (D:6)
  A jelly (D:5)
  A quasit (D:7)
  4 orc priests
  Jessica (D:3)
  3 iguanas
  2 orc wizards
  5 adders
  A shadow imp (D:7)
  3 ufetubi
  9 orcs
  5 hobgoblins
  4 jackals (D:3)
  2 quokkas
  2 ball pythons (D:2)
  A bat (D:1)
  2 goblins
  2 kobolds (D:7)
  A rat (D:3)
72 creatures vanquished.

Vanquished Creatures (others)
  An orc wizard (D:2)
  4 demonic plants (D:7)
  2 fungi (D:3)
  2 plants (D:3)
9 creatures vanquished.

Grand Total: 150 creatures vanquished

Notes
Turn   | Place    | Note
-------+----------+-------------------------------------------
     0 | D:1      | Lanoc the Deep Elf Summoner began the quest for the Orb.
     0 | D:1      | Reached XP level 1. HP: 10/10 MP: 6/6
   286 | D:1      | Reached XP level 2. HP: 4/15 MP: 8/8
   344 | D:1      | Reached skill level 5 in Summonings
   882 | D:2      | Reached XP level 3. HP: 14/19 MP: 6/9
   899 | D:2      | Learned a level 2 spell: Call Imp
   903 | D:2      | Learned a level 3 spell: Call Canine Familiar
  1160 | D:2      | Reached skill level 6 in Summonings
  1297 | D:2      | Reached XP level 4. HP: 13/24 MP: 5/10
  1328 | D:2      | Reached skill level 7 in Summonings
  1328 | D:2      | Reached XP level 5. HP: 14/28 MP: 3/11
  1919 | D:3      | Noticed Jessica
  1924 | D:3      | Killed Jessica
  2333 | D:3      | Found a faded altar of an unknown god.
  2401 | D:3      | Reached skill level 8 in Summonings
  2468 | D:4      | Reached XP level 6. HP: 32/32 MP: 8/12
  2674 | D:4      | Reached skill level 9 in Summonings
  2787 | D:4      | Reached XP level 7. HP: 33/36 MP: 10/13
  2791 | D:4      | Found a glowing silver altar of Zin.
  2794 | D:4      | Became a worshipper of Zin the Law-Giver
  2794 | D:4      | Reached * piety under Zin
  3070 | D:4      | Found a shimmering blue altar of Sif Muna.
  3164 | D:5      | Entered Level 5 of the Dungeon
  3194 | D:5      | Reached skill level 10 in Summonings
  3500 | D:5      | Learned a level 4 spell: Summon Lightning Spire
  3522 | D:5      | Found Bauzinia's Assorted Antiques.
  3527 | D:5      | Reached skill level 11 in Summonings
  3527 | D:5      | Reached XP level 8. HP: 41/41 MP: 9/14
  3706 | D:5      | Reached skill level 12 in Summonings
  3778 | D:5      | Identified the +4 dagger of Doom {freeze, Fragile rN+ Str+2
                  | SInv}
  4532 | D:6      | Reached ** piety under Zin
  4578 | D:6      | Noticed Edmund
  4589 | D:6      | Killed Edmund
  4709 | D:6      | Reached skill level 13 in Summonings
  4805 | D:6      | Found an ornate altar of the Wu Jian Council.
  5113 | D:7      | Reached XP level 9. HP: 42/45 MP: 11/15
  5208 | D:7      | Found a runed translucent door.
  5211 | D:7      | Noticed a sixfirhy
  5220 | D:7      | HP: 1/45 [wight/+3 spear (3)]
  5225 | D:7      | Reached skill level 14 in Summonings
  5247 | D:7      | HP: 2/45 [wight/+5 trident of freezing (7)]
  5247 | D:7      | Slain by a wight

Illustrated notes

Levels and vault maps discovered:
D:1:      noname_arrival_rooms_in_the_neighbourhood, layout_loops_ring
D:2:      layout_basic, minmay_pentomino_o2
D:3:      layout_rooms, shapermc_ecumenical_altar_petra, uniq_jessica
D:4:      layout_basic, zin_statuary, lemuel_doored_altar
D:5:      layout_basic, serial_shops, shop_statue,
          hangedman_decor_clover_reticule, minmay_misc_feat_nine_boxes
D:6:      layout_gridville, nzn_wu_jian_contemplation,
          kennysheep_generic_room_9, uniq_edmund
D:7:      cheibrodos_shockbox, layout_basic, minmay_temple_entry_offerings,
          serial_demonic, serial_demonic_e, serial_demonic_a, serial_demonic_b,
          serial_demonic_c

Skill      XL: |  1  2  3  4  5  6  7  8  9 |
---------------+----------------------------+-----
Summonings     | 5 6 7 8 9 11 13 14 | 14.2
Dodging        | |  2.4
Stealth        | |  2.4
Spellcasting   | |  3.0

Action                   |  1- 3 |  4- 6 |  7- 9 || total
-------------------------+-------+-------+-------++-------
Melee: Dagger            |    82 |    71 |   119 ||   272
       Unarmed           |     1 |       |       ||     1
       Punch             |       |     2 |     2 ||     4
 Cast: Summon Small Mamm |    10 |       |       ||    10
       Call Imp          |     6 |     8 |       ||    14
       Call Canine Famil |     5 |     6 |    12 ||    23
       Summon Lightning  |       |       |    14 ||    14
 Stab: Sleeping          |     4 |     4 |     4 ||    12
       Distracted        |       |       |     3 ||     3
Armor: Robe              |    27 |    14 |    52 ||    93
Dodge: Dodged            |    71 |    40 |   112 ||   223
Block: Other             |       |       |    28 ||    28
       Reflection        |       |       |     1 ||     1

Table legend: (Time is in decaauts)
 A = Elapsed time spent in this place.
 B = Non-inter-level travel time spent in this place.
 C = Inter-level travel time spent in this place.
 D = Time resting spent in this place.
 E = Time spent auto-exploring this place.
 F = Levels seen in this place.
 G = Mean time per level.
                   A        B        C        D        E       F      G
               +--------+--------+--------+--------+--------+-----+--------+
         Total |   5245 |   5049 |    196 |     17 |   3986 |   7 |  749.3 |
       Dungeon |   5245 |   5049 |    196 |     17 |   3986 |   7 |  749.3 |
               +--------+--------+--------+--------+--------+-----+--------+

Top non-repeatable levels by time:
     D:5: 1070 daAuts
     D:2: 1057 daAuts
     D:1: 876 daAuts
     D:6: 841 daAuts
     D:4: 700 daAuts
     D:3: 529 daAuts
     D:7: 168 daAuts
